 Dungeon Crawl Stone Soup version 0.28.0-53-g5a82cb258f (webtiles) character file.

Game seed: 10938924898591548706

39 Kranky the Digger (level 3, 0/28 HPs)
             Began as a Gnoll Wanderer on June 17, 2022.
             Was a Follower of Trog.
             Slain by an orc wizard
             ... wielding a +0 dagger
              (3 damage)
             ... on level 2 of the Dungeon.
             The game lasted 00:02:36 (1495 turns).

Kranky the Digger (Gnoll Wanderer)                  Turns: 1495, Time: 00:02:37

Health: 0/28       AC:  9    Str: 12    XL:     3   Next: 47%
Magic:  9/9        EV:  5    Int: 12    God:    Trog [*.....]
Gold:   32         SH:  0    Dex: 11    Spells: 11/12 levels left

rFire   . . .      SeeInvis .   a - +0 dagger
rCold   . . .      Faith    .   (no shield)
rNeg    . . .      Spirit   .   d - +0 chain mail
rPois   .          Reflect  .   (no helmet)
rElec   .          Harm     .   (no cloak)
rCorr   .          Rampage  .   (no gloves)
Will    .....                   (no boots)
Stlth   ..........              (no amulet)
HPRegen 0.09/turn               (no ring)
MPRegen 0.11/turn               (no ring)

@: on berserk cooldown, slowed, very slow
A: fangs 1, strong nose, distributed training
a: Renounce Religion, Berserk


You were on level 2 of the Dungeon.
You worshipped Trog.
Trog was aware of your devotion.
You visited 1 branch of the dungeon, and saw 2 of its levels.

You collected 32 gold pieces.

Inventory:

Hand Weapons
 a - a +0 dagger (weapon)
Missiles
 c - 49 stones
Armour
 d - a +0 chain mail (worn)
Scrolls
 e - 2 scrolls of blinking {unknown}
 h - 2 scrolls of teleportation {unknown}
Potions
 b - a potion of attraction
 f - a potion of brilliance {unknown}
 g - a potion of heal wounds {unknown}
 i - a potion of magic {unknown}
 j - a potion of mutation {unknown}


   Skills:
 + Level 2.6 Fighting
 + Level 0.8 Short Blades
 + Level 0.8 Long Blades
 + Level 0.8 Axes
 + Level 0.8 Maces & Flails
 + Level 0.8 Polearms
 + Level 0.8 Staves
 + Level 0.8 Slings
 + Level 0.8 Bows
 + Level 0.8 Crossbows
 + Level 0.8 Throwing
 + Level 4.5 Armour
 + Level 0.8 Dodging
 + Level 0.8 Stealth
 + Level 0.8 Shields
 + Level 0.8 Unarmed Combat
 + Level 5.0 Spellcasting
 + Level 0.5 Conjurations
 + Level 0.5 Hexes
 + Level 0.5 Summonings
 + Level 0.5 Necromancy
 + Level 0.5 Translocations
 + Level 0.5 Transmutations
 + Level 0.5 Fire Magic
 + Level 0.5 Ice Magic
 + Level 0.5 Air Magic
 + Level 5.4 Earth Magic
 + Level 0.5 Poison Magic
 + Level 1.0 Invocations
 + Level 4.5 Evocations


You had 11 spell levels left.
You knew the following spells:

 Your Spells              Type           Power      Damage    Failure   Level
a - Sandblast             Erth           32%        2d9       56%         1

Your spell library contained the following spells:

 Spells                   Type           Power      Damage    Failure   Level
 Stone Arrow              Conj/Erth      20%        3d8       99%         3
 Blink                    Tloc           8%         N/A       100%        2
 Lesser Beckoning         Tloc           4%         N/A       100%        3
 Manifold Assault         Tloc           4%         N/A       100%        5


Dungeon Overview and Level Annotations

Branches:
Dungeon (2/15)

Altars:
Trog


Innate Abilities, Weirdness & Mutations

You have very sharp teeth.
Your uncanny sense of smell can sniff out nearby items.
Your experience applies equally to all skills.


Message History

Your Invocations skill increases to level 1!
The orc barely misses you. Something completely misses you.
Items here: )) [[ †.
You hit the orc.
You kill the orc!
Trog accepts your kill. Something hits you.
Things that are here:
a +0 hand axe; an orc corpse You feel a strong urge to attack something.
You are no longer berserk.
You are exhausted.
You feel yourself slow down.
You hit something. Something hits you but does no damage. Something hits you.
You hit something. Something hits you but does no damage.
You miss something. Your bite misses something.
Something hits you but does no damage.
You hit something. Something hits you. Something hits you but does no damage.
You miss something. Your bite misses something.
Something hits you but does no damage.
You closely miss something.
Something hits you but does no damage. x2
You hit something. Something hits you.
* * * LOW HITPOINT WARNING * * *
You miss something. Something hits you but does no damage.
You hear some strange, mumbled words.
You are confused.
You miss something. Something hits you but does no damage.
Something hits you but does no damage. Something hits you.
* * * LOW HITPOINT WARNING * * *
Something hits you but does no damage.
You barely miss something.
You feel less confused. Something hits you but does no damage.
You hear some strange, mumbled words.
A puff of flame appears from out of thin air!
The puff of flame hits you.
* * * LOW HITPOINT WARNING * * *
You barely miss something. Something hits you but does no damage.
You barely miss something. Something hits you.
You die...

##..#.# . #.#.# #.....# ...
.# .#.###.....# ∆ ... #..
###.........##########'## #
. #.###..............##...#
#.###.###.#.#......##8.8#
...................##..o ##
....................##)# ..
................@{)).#'##.##
..###.#####.###.#.........<#
.........[......#..###.##.##
.####.###.................#
.# #.# #.#..##.#..###.##.#
.# #.# #.#.........>..# #
.####.###.#.###..........
..........#.# ###########
#########.#.#


There were no monsters in sight!

Vanquished Creatures
  3 dart slugs
  4 orcs (D:2)
  2 endoplasms (D:1)
  A goblin (D:2)
  3 hobgoblins
  3 jackals (D:1)
  A quokka (D:2)
  3 ball pythons (D:1)
  2 bats (D:1)
  A frilled lizard (D:2)
  A jackal skeleton (D:2)
  2 kobolds (D:1)
  A quokka zombie (D:2)
  3 rats
30 creatures vanquished.

Vanquished Creatures (others)
  A withered plant (D:2)
1 creature vanquished.

Grand Total: 31 creatures vanquished

Notes
Turn   | Place    | Note
-------+----------+-------------------------------------------
     0 | D:1      | Kranky the Gnoll Wanderer began the quest for the Orb.
     0 | D:1      | Kranky set off with the following items: a +0 dagger, a
                  | potion of attraction, 30 stones, a +0 chain mail; and the
                  | following spell memorised: Sandblast; and the following
                  | spells available to memorise: Stone Arrow
     0 | D:1      | Reached XP level 1. HP: 17/17 MP: 6/6
   107 | D:1      | Reached XP level 2. HP: 11/23 MP: 7/7
  1113 | D:2      | Reached XP level 3. HP: 28/28 MP: 9/9
  1171 | D:2      | Reached skill level 5 in Spellcasting
  1252 | D:2      | Found a faded altar of an unknown god.
  1285 | D:2      | Prayed at the altar of an unknown god.
  1285 | D:2      | Became a worshipper of Trog the Wrathful
  1285 | D:2      | Reached * piety under Trog
  1405 | D:2      | Identified the +2 robe "Hynonuh" {Str+4 Int+2 Slay+2}
  1477 | D:2      | Reached skill level 1 in Invocations
  1495 | D:2      | Slain by an orc wizard

Illustrated notes

Levels and vault maps discovered:
D:1:      mrwooster_arrival_statue_2, layout_loops_cross
D:2:      layout_basic, serial_undead, serial_undead_c, serial_undead_a,
          serial_undead_d, serial_undead_d, serial_undead_c, serial_undead_c,
          serial_undead_b, serial_undead_d, serial_undead_b, serial_undead_c,
          hellmonk_ecumenical_altar_run_dry, pf_guarded_unrand_delatra

Skill      XL: |  1  2  3 |
---------------+----------+-----
Spellcasting   | 5 |  5.0
Invocations    | 1 |  1.0
Fighting       | |  2.6
Short Blades   | |  0.8
Long Blades    | |  0.8
Axes           | |  0.8
Maces & Flails | |  0.8
Polearms       | |  0.8
Staves         | |  0.8
Slings         | |  0.8
Bows           | |  0.8
Crossbows      | |  0.8
Throwing       | |  0.8
Armour         | |  4.5
Dodging        | |  0.8
Stealth        | |  0.8
Shields        | |  0.8
Unarmed Combat | |  0.8
Conjurations   | |  0.5
Hexes          | |  0.5
Summonings     | |  0.5
Necromancy     | |  0.5
Translocations | |  0.5
Transmutations | |  0.5
Fire Magic     | |  0.5
Ice Magic      | |  0.5
Air Magic      | |  0.5
Earth Magic    | |  5.4
Poison Magic   | |  0.5
Evocations     | |  4.5

Action                   || total
-------------------------++-------
Melee: Dagger            ||   167
       Bite              ||    18
       Punch             ||     2
Invok: Berserk           ||     1
Armor: Chain mail        ||   116
Dodge: Dodged            ||    37
